 Dungeon Crawl Stone Soup version 0.26-a0-412-ga3d1f51b80 (webtiles) character file.

Game seed: 11353952286581724590

262 KristoblXynda the Ruffian (level 5, -3/45 HPs)
             Began as a Troll Hedge Wizard on July 24, 2020.
             Slain by an ogre
             ... wielding a +0 giant spiked club
              (22 damage)
             ... on level 4 of the Dungeon.
             The game lasted 00:04:46 (2518 turns).

KristoblXynda the Ruffian (Troll Hedge Wizard)      Turns: 2518, Time: 00:04:47

Health: -3/45      AC:  7    Str: 18    XL:     5   Next: 97%
Magic:  7/7        EV: 10    Int: 17    God:
Gold:   148        SH:  0    Dex:  9    Spells: 7/8 levels left

rFire    + . .     SeeInvis .     - Unarmed
rCold    . . .     Faith    .   (no shield)
rNeg     . . .     Spirit   .   b - +0 robe
rPois    .         Reflect  .   c - +0 hat
rElec    .         Harm     .   h - +0 cloak
rCorr    .                      (gloves unavailable)
MR       .....                  (boots unavailable)
Stlth    +.........             (no amulet)
HPRegen  0.55/turn              j - ring of protection from fire
MPRegen  0.10/turn              l - +6 ring of intelligence

@: no status effects
A: large, unfitting armour, claws 3, regeneration 1, shaggy fur 1, tough skin 3
a: no special abilities


You were on level 4 of the Dungeon.
You visited 1 branch of the dungeon, and saw 4 of its levels.

You collected 148 gold pieces.

Inventory:

Armour
 b - a +0 robe (worn)
 c - a +0 hat (worn)
 h - a +0 cloak (worn)
Jewellery
 j - a ring of protection from fire (left claw)
 l - a +6 ring of intelligence (right claw)
Wands
 a - a wand of paralysis (6)
Scrolls
 e - a scroll of amnesia {unknown}
 f - 4 scrolls of teleportation
 k - a scroll of immolation {unknown}
 n - 2 scrolls of remove curse {unknown}
 o - a scroll of random uselessness {unknown}
 s - a scroll of fear {unknown}
Potions
 d - a potion of brilliance
 g - a potion of ambrosia
 i - a potion of resistance
 m - a potion of curing
 p - a potion of might
 q - a potion of cancellation {unknown}
 r - a potion of stabbing {unknown}


   Skills:
 + Level 3.2 Dodging
 - Level 1.0 Stealth
 + Level 3.2 Unarmed Combat
 - Level 2.0 Spellcasting
 + Level 2.5 Conjurations
   Level 0.6 Summonings
   Level 0.6 Translocations


You had 7 spell levels left.
You knew the following spells:

 Your Spells              Type           Power        Failure   Level
a - Magic Dart            Conj           ##..         7%          1

Your spell library contained the following spells:

 Spells                   Type           Power        Failure   Level
 Blink                    Tloc           N/A          22%         2
 Call Imp                 Summ           #.......     22%         2
 Slow                     Hex            #.......     28%         2
 Conjure Flame            Conj/Fire      #.......     34%         3
 Mephitic Cloud           Conj/Pois/Air  #.......     38%         3


Dungeon Overview and Level Annotations

Branches:
Dungeon (4/15)
 Temple: D:4-7

Altars:
Elyvilon
Okawaru
Sif Muna


Innate Abilities, Weirdness & Mutations

You are too large for most types of armour.
You have claws for hands.
Your natural rate of healing is unusually fast.
You are covered in fur. (AC +1)
You have extremely tough skin. (AC +3)


Message History

No target in view!
No target in view!
No target in view!
HP restored.
You see here an iguana corpse.
Found a stone staircase leading down.
You open the door.
There is an open door here.
You see here a trident.
As you open the door, it creaks loudly!
There is an open door here.
As you open the door, it creaks loudly!
You hear a shout!
An ogre comes into view. It is wielding a +0 giant spiked club.
There is an open door here.
The ogre hits you with a +0 giant spiked club!!
Ouch! That really hurt!
The ogre closely misses you.
The ogre hits you with a +0 giant spiked club.
The ogre hits you with a +0 giant spiked club!!
You die...

.......#+#########'###
...........#
...........#
...........#
...........#
...........#
...........#
#######'#### #.@...#
+.O...# #.....#
#.....# ##....# #....#
.....# .....#


You could see an ogre.

Vanquished Creatures
  2 orc wizards (D:3)
  An iguana (D:4)
  7 gnolls (D:3)
  4 adders
  A dart slug (D:1)
  A leopard gecko (D:2)
  6 orcs (D:3)
  2 ball pythons
  3 giant cockroaches
  9 goblins
  6 hobgoblins
  A quokka (D:2)
  8 bats
  2 frilled lizards
  9 kobolds
  10 rats
72 creatures vanquished.

Notes
Turn   | Place    | Note
-------+----------+-------------------------------------------
     0 | D:1      | KristoblXynda the Troll Hedge Wizard began the quest for
                  | the Orb.
     0 | D:1      | Reached XP level 1. HP: 16/16 MP: 2/2
   154 | D:1      | Reached skill level 1 in Conjurations
   226 | D:1      | Reached XP level 2. HP: 23/24 MP: 4/4
   319 | D:1      | Reached skill level 1 in Unarmed Combat
   665 | D:2      | Found an iron altar of Okawaru.
   692 | D:2      | Reached XP level 3. HP: 12/31 MP: 5/5
  1466 | D:3      | Reached XP level 4. HP: 38/39 MP: 6/6
  1524 | D:3      | Found a faded altar of an unknown god.
  1652 | D:3      | Reached XP level 5. HP: 40/45 MP: 7/7
  1658 | D:3      | Found a shimmering blue altar of Sif Muna.
  2425 | D:4      | Found a white marble altar of Elyvilon.
  2509 | D:4      | Noticed an ogre
  2518 | D:4      | Slain by an ogre

Illustrated notes

Levels and vault maps discovered:
D:1:      lemuel_arrival_cross, layout_basic
D:2:      layout_basic, okawaru_gym_becter, fountainhead
D:3:      layout_basic, tgw_sif, chequers_ecumenical_altar_simple
D:4:      layout_gridville, lemuel_round_altar,
          nemelex_xobeh_ov_fountains_minmay, gammafunk_temple_overflow_wave

Skill      XL: |  1  2  3  4  5 |
---------------+----------------+-----
Conjurations   | 1 2 |  2.5
Unarmed Combat | 1 2 3 |  3.2
Dodging        | 2 3 |  3.2
Stealth        | |  1.0
Spellcasting   | |  2.0
Summonings     | |  0.6
Translocations | |  0.6

Action                   |  1- 3 |  4- 6 || total
-------------------------+-------+-------++-------
Melee: Unarmed           |   167 |   156 ||   323
       Punch             |     1 |     1 ||     2
  Use: Scroll            |       |     4 ||     4
       Potion            |       |     3 ||     3
 Stab: Sleeping          |     1 |       ||     1
Armor: Robe              |    80 |    64 ||   144
Dodge: Dodged            |    97 |    75 ||   172

Table legend: (Time is in decaauts)
 A = Elapsed time spent in this place.
 B = Non-inter-level travel time spent in this place.
 C = Inter-level travel time spent in this place.
 D = Time resting spent in this place.
 E = Time spent auto-exploring this place.
 F = Levels seen in this place.
 G = Mean time per level.
                   A        B        C        D        E       F      G
               +--------+--------+--------+--------+--------+-----+--------+
         Total |   2507 |   2456 |     51 |    249 |   1499 |   4 |  626.8 |
       Dungeon |   2507 |   2456 |     51 |    249 |   1499 |   4 |  626.8 |
               +--------+--------+--------+--------+--------+-----+--------+

Top non-repeatable levels by time:
     D:3: 882 daAuts
     D:2: 802 daAuts
     D:1: 647 daAuts
     D:4: 174 daAuts
